 Dungeon Crawl Stone Soup version 0.28.0-43-g3370ac3207 (webtiles) character file.

Game seed: 12841929911813575000

13 gzilladon the Chopper (level 2, -1/27 HPs)
             Began as a Hill Orc Monk on Mar 30, 2022.
             Splashed by a jelly's acid (7 damage)
             ... on level 2 of the Dungeon.
             The game lasted 00:03:22 (715 turns).

gzilladon the Chopper (Hill Orc Monk)                Turns: 715, Time: 00:03:24

Health: -1/27      AC: -2    Str: 13    XL:     2   Next: 37%
Magic:  2/2        EV: 12    Int: 10    God:
Gold:   13         SH:  0    Dex: 13    Spells: 1/1 levels left

rFire   . . .      SeeInvis .   a - +0 hand axe
rCold   . . .      Faith    .   (no shield)
rNeg    . . .      Spirit   .   b - +0 robe
rPois   .          Reflect  .   (no helmet)
rElec   .          Harm     .   (no cloak)
rCorr   .          Rampage  .   (no gloves)
Will    .....                   (no boots)
Stlth   ++........              (no amulet)
HPRegen 0.09/turn               (no ring)
MPRegen 0.08/turn               (no ring)

@: lethally poisoned (-1 -> -9), corroded
A: no striking features
a: no special abilities


You were on level 2 of the Dungeon.
You visited 1 branch of the dungeon, and saw 2 of its levels.

You collected 13 gold pieces.

Inventory:

Hand Weapons
 a - a +0 hand axe (weapon)
Missiles
 d - 4 stones (quivered)
 e - 14 bolts
 i - 7 arrows
Armour
 b - a +0 robe (worn)
Scrolls
 g - a scroll of noise {unknown}
 h - a scroll of vulnerability {unknown}
Potions
 c - a potion of flight {unknown}
 f - 2 potions of curing {unknown}


   Skills:
 + Level 3.9 Fighting
 * Level 4.7 Axes
 - Level 2.4 Dodging
 - Level 1.5 Stealth


You had one spell level left.
You didn't know any spells.
Your spell library was empty.

Dungeon Overview and Level Annotations

Branches:
Dungeon (2/15)

Altars:

Shops:
D:1 (


Message History

The goblin hits you with a +0 dagger. The goblin misses you.
You hit the goblin but do no damage.
The goblin is heavily wounded.
The goblin hits you with a +0 dagger.
You hit the goblin.
You kill the goblin!
You see here a +0 dagger.
There is an entrance to Ymalim's Weapon Shoppe here.
Welcome back, gzilladon the Hill Orc Monk.
Press ? for a list of commands and other information.
Saving game... please wait.
Welcome back, gzilladon the Hill Orc Monk.
Press ? for a list of commands and other information.
There is a stone staircase leading down here.
You climb downwards.
The kobold shouts!
There is a stone staircase leading up here.
A jelly comes into view.
The kobold hits you with a +0 short sword of venom.
You are poisoned.
The jelly quivers.
You hit the kobold but do no damage.
You feel sick.
The kobold hits you with a +0 short sword of venom.
You are more poisoned.
You barely miss the kobold. You hit the jelly but do no damage.
Your hands burn!
You feel very sick. The jelly barely misses you. The kobold barely misses you.
You hit the kobold but do no damage. You hit the jelly. The acid corrodes you!
Your hands burn!
You feel very sick. The jelly barely misses you. The kobold barely misses you.
You hit the kobold.
You kill the kobold!
You hit the jelly but do no damage.
Your hands burn!
* * * LOW HITPOINT WARNING * * *
You feel sick. The jelly hits you.
* * * LOW HITPOINT WARNING * * *
You are splashed with acid!
You die...

## ##
#. .#
#J♣.#
#)@.#
##<##
###


You could see a jelly.

Vanquished Creatures
  A ball python (D:1)
  3 goblins (D:1)
  A hobgoblin (D:1)
  2 bats (D:1)
  A frilled lizard (D:1)
  4 kobolds
  2 rats (D:1)
14 creatures vanquished.

Notes
Turn   | Place    | Note
-------+----------+-------------------------------------------
     0 | D:1      | gzilladon the Hill Orc Monk began the quest for the Orb.
     0 | D:1      | Reached XP level 1. HP: 19/19 MP: 1/1
   245 | D:1      | Reached XP level 2. HP: 26/27 MP: 2/2
   292 | D:1      | Found Ymalim's Weapon Shoppe.
   715 | D:2      | Splashed by a jelly's acid

Illustrated notes

Levels and vault maps discovered:
D:1:      ncdulo_halloftheorcs, layout_rooms, serial_shops,
          nicolae_shop_bloodbath_and_beyond
D:2:      layout_loops_ring, shapermc_ecumenical_altar_rom_forum, basic_altar,
          minivault_27, grunt_ministairs_5, minmay_door_square,
          chequers_decorated_corner, st_stairs_1, nicolae_underground_beach

Action                   || total
-------------------------++-------
Melee: Hand axe          ||    41
 Stab: Sleeping          ||     1
Armor: Robe              ||     6
Dodge: Dodged            ||    39
